 Dungeon Crawl Stone Soup version 0.31-a0-222-gefeffbb62a (webtiles) character file.

Game seed: 6180217503049563209

548 Iniera the Slasher (level 7, -1/41 HPs)
             Began as a Tengu Monk on July 5, 2023.
             Was a Believer of Qazlal.
             Slain by Blork the orc
             ... wielding a +0 dire flail
              (11 damage)
             ... on level 5 of the Dungeon.
             The game lasted 00:03:34 (3321 turns).

Iniera the Slasher (Tengu Monk)                     Turns: 3321, Time: 00:03:34

Health: -1/41      AC:  3    Str: 11    XL:     7   Next: 28%
Magic:  8/8        EV: 18    Int: 10    God:    Qazlal [**....]
Gold:   162        SH:  9    Dex: 25    Spells: 6/6 levels left

rFire   . . .        o - +0 long sword
rCold   + . .        l - +0 buckler
rNeg    . . .        b - +0 robe
rPois   .            (helmet restricted)
rElec   .            g - +0 cloak
rCorr   .            (no gloves)
SInv    .            (boots unavailable)
Will    .....        j - amulet of regeneration
Stlth   ++           e - ring of protection from cold
HPRegen 1.06/turn    t - +6 ring of dexterity
MPRegen 0.11/turn

%: no passive effects
@: mighty, flying quickly and evasively, quick
A: beak, talons 3, nimble flight
a: Renounce Religion, Upheaval


You were on level 5 of the Dungeon.
You worshipped Qazlal.
Qazlal was pleased with you.
You visited 1 branch of the dungeon, and saw 5 of its levels.

You collected 204 gold pieces.
You spent 42 gold pieces at shops.

Inventory:

Hand Weapons
 o - a +0 long sword (weapon)
 q - a +1 short sword of venom
Missiles
 n - 10 javelins
Armour
 b - a +0 robe (worn)
 g - a +0 cloak (worn)
 l - a +0 buckler (worn)
Jewellery
 e - a ring of protection from cold (left hand)
 j - an amulet of regeneration (around neck)
 t - a +6 ring of dexterity (right hand)
Wands
 r - a wand of iceblast (2)
Scrolls
 h - 2 scrolls of teleportation
 s - a scroll of poison
 u - a scroll of fear
 v - a scroll of blinking {unknown}
Potions
 a - a potion of haste {unknown}
 c - 2 potions of ambrosia
 d - 2 potions of attraction {unknown}
 f - 3 potions of curing {unknown}
 i - 2 potions of enlightenment {unknown}
 k - a potion of might
 m - a potion of lignification {unknown}
 p - a potion of mutation {unknown}


   Skills:
 + Level 3.1 Fighting
 * Level 6.3 Long Blades
 + Level 5.0 Dodging
 + Level 4.0 Shields


You had 6 spell levels left.
You didn't know any spells.
Your spell library contained the following spells:

 Spells                   Type           Power      Damage    Failure   Level
 Magic Dart               Conj           0%         1d3       47%         1
 Sting                    Tmut/Pois      0%         1d3       47%         1
 Poisonous Vapours        Pois/Air       0%         N/A       63%         2
 Searing Ray              Conj           0%         2d4       63%         2
 Call Canine Familiar     Summ           0%         N/A       85%         3
 Dazzling Flash           Conj/Hex       0%         N/A       85%         3
 Portal Projectile        Hex/Tloc       0%         N/A       85%         3
 Tukima's Dance           Hex            0%         N/A       85%         3
 Volatile Blastmotes      Fire/Tloc      0%         2d10      85%         3
 Fulminant Prism          Conj/Hex       0%         3d5       99%         4
 Iskenderun's Mystic Bla  Conj/Tloc      0%         2d3       99%         4
 Leda's Liquefaction      Hex/Erth       0%         N/A       99%         4
 Olgreb's Toxic Radiance  Pois           0%         N/A       99%         4
 Blade Hands              Tmut           0%         N/A       100%        5
 Starburst                Conj/Fire      0%         6d3       100%        6


Dungeon Overview and Level Annotations

Branches:
Dungeon (5/15)
 Temple: D:4-7

Altars:
Elyvilon
Qazlal

Shops:
D:2 ?(   D:4 =

Annotations:
D:4 3 runed translucent doors, knightboat's ghost, amateur NaVM
D:5 Blork the orc


Innate Abilities, Weirdness & Mutations

You have a beak for a mouth.
You have claws for feet.
Your magical nature lets you fly swiftly and evasively.


Message History

Blork the orc hits you with a +0 dire flail!
You barely miss Blork the orc. Your kick misses Blork the orc.
You peck Blork the orc.
Blork the orc is lightly wounded.
You block Blork the orc's attack. x2
You hit Blork the orc. You claw Blork the orc. You peck Blork the orc.
Blork the orc is moderately wounded.
Blork the orc hits you with a +0 dire flail!
Blork the orc casts a spell at you. The puff of flame hits you.
You are too injured to fight recklessly!
You are too injured to fight recklessly!
You are too injured to fight recklessly!
You are too injured to fight recklessly!
You are too injured to fight recklessly!
Blork the orc attacks as you move away!
Blork the orc hits you with a +0 dire flail.
* * * LOW HITPOINT WARNING * * *
Blork the orc attacks as you move away! You block Blork the orc's attack.
Blork the orc casts a spell at you. The magic dart hits you.
* * * LOW HITPOINT WARNING * * *
Blork the orc attacks as you move away!
Blork the orc hits you with a +0 dire flail.
* * * LOW HITPOINT WARNING * * *
Okay, then.
You feel very mighty all of a sudden. You block Blork the orc's attack.
You block Blork the orc's attack. x2
You slash Blork the orc! Your kick misses Blork the orc.
You peck Blork the orc.
Blork the orc is almost dead.
Blork the orc gestures at you while chanting.
The magic dart hits you.
* * * LOW HITPOINT WARNING * * *
You barely miss Blork the orc. Your kick misses Blork the orc.
Your peck misses Blork the orc.
Blork the orc is almost dead.
Blork the orc hits you with a +0 dire flail!
You die...

.### #..# #.....# ...# ##.##
##....... ...###..###
#........ ..........# ######
#........ ###.......# #....#
#........ #.......# #....#
#........
###...#######....###........
.................oo.........
...##########...@###........
#### #....# #...(.... #....#
#........ ###### #.......!
#........ ##.$..... #.....#


You could see Blork the orc (fast) and an orc.

Vanquished Creatures
  An ice beast (D:5)
  A black bear (D:5)
  A phantom (D:4)
  2 jellies
  A gnoll bouda (D:5)
  An iguana (D:4)
  Terence (D:3)
  3 gnolls (D:5)
  5 adders
  3 worms
  3 orcs
  5 endoplasms
  A giant cockroach (D:1)
  8 goblins
  10 hobgoblins
  6 jackals
  A quokka (D:1)
  10 ball pythons
  3 bats
  2 frilled lizards
  6 kobolds
  6 rats
80 creatures vanquished.

Notes
Turn   | Place    | Note
-------+----------+-------------------------------------------
     0 | D:1      | Iniera the Tengu Monk began the quest for the Orb.
     0 | D:1      | Reached XP level 1. HP: 14/14 MP: 2/2
    41 | D:1      | Found a faded altar of an unknown god.
    75 | D:1      | Reached XP level 2. HP: 19/19 MP: 3/3
   203 | D:1      | Reached skill level 4 in Long Blades
   498 | D:1      | Reached XP level 3. HP: 19/23 MP: 4/4
   819 | D:2      | Reached skill level 1 in Shields
   939 | D:2      | Found a white marble altar of Elyvilon.
  1315 | D:2      | Found Miunk's Antique Weapon Shop.
  1471 | D:2      | Found Zesozoy's Magic Scroll Emporium.
  1476 | D:2      | Bought a scroll of teleportation for 42 gold pieces
  1674 | D:3      | Noticed Terence
  1692 | D:3      | Killed Terence
  1693 | D:3      | Reached XP level 4. HP: 22/28 MP: 5/5
  2154 | D:3      | Gained mutation: Your magical nature lets you fly swiftly
                  | and evasively. [Tengu growth]
  2154 | D:3      | Reached XP level 5. HP: 15/32 MP: 6/6
  2402 | D:4      | Found a runed translucent gate.
  2408 | D:4      | Reached skill level 5 in Long Blades
  2535 | D:4      | Found a stormy altar of Qazlal.
  2546 | D:4      | Became a worshipper of Qazlal Stormbringer
  2546 | D:4      | Reached * piety under Qazlal
  2546 | D:4      | Reached ** piety under Qazlal
  2740 | D:4      | Reached XP level 6. HP: 37/37 MP: 7/7
  2786 | D:4      | Found Simyngom's Jewellery Emporium.
  2931 | D:4      | Found a runed translucent gate.
  2932 | D:4      | Found a runed translucent gate.
  2932 | D:4      | Noticed knightboat's ghost (amateur NaVM)
  3058 | D:5      | Entered Level 5 of the Dungeon
  3058 | D:5      | Noticed a black bear
  3203 | D:5      | Noticed an ice beast
  3215 | D:5      | Killed an ice beast
  3216 | D:5      | Reached skill level 6 in Long Blades
  3216 | D:5      | Reached XP level 7. HP: 31/41 MP: 8/8
  3264 | D:5      | Reached skill level 5 in Dodging
  3307 | D:5      | Noticed Blork the orc
  3321 | D:5      | Slain by Blork the orc

Illustrated notes

Levels and vault maps discovered:
D:1:      shiori_arrival_oz, layout_rooms, ebering_ecumenical_altar_abandoned,
          minmay_misc_feat_rugged, kennysheep_flooded_box
D:2:      layout_basic, basic_altar, serial_shops, nicolae_shop_behind_doors,
          nicolae_shop_just_a_little_nook
D:3:      layout_basic, uniq_terence
D:4:      layout_loops_cross, grunt_qazlal_clouds, ebering_ghost_rock_garden,
          serial_shops, nicolae_diamond_shop
D:5:      layout_rooms, uniq_blork_the_orc

Skill      XL: |  1  2  3  4  5  6  7 |
---------------+----------------------+-----
Long Blades    | 4 5 6 |  6.3
Shields        | 1 2 3 4 |  4.0
Dodging        | 4 5 |  5.0
Fighting       | |  3.1

Action                     |  1- 3 |  4- 6 |  7- 9 || total
---------------------------+-------+-------+-------++-------
  Melee: Falchion          |    75 |    50 |       ||   125
         Kick              |    12 |    33 |     4 ||    49
         Peck              |     9 |    20 |     4 ||    33
         Short sword       |       |    17 |       ||    17
         Long sword        |       |    35 |     8 ||    43
  Evoke: Wand              |       |     1 |       ||     1
    Use: Scroll            |     5 |       |       ||     5
         Potion            |       |       |     1 ||     1
 Armour: Robe              |    11 |    12 |       ||    23
  Dodge: Dodged            |    48 |    62 |     2 ||   112
  Block: Buckler           |     6 |    44 |     9 ||    59

Table legend: (Time is in decaauts)
 A = Elapsed time spent in this place.
 B = Non-inter-level travel time spent in this place.
 C = Inter-level travel time spent in this place.
 D = Time resting spent in this place.
 E = Time spent auto-exploring this place.
 F = Levels seen in this place.
 G = Mean time per level.
                   A        B        C        D        E       F      G
               +--------+--------+--------+--------+--------+-----+--------+
         Total |   3240 |   3062 |    178 |    197 |   2303 |   5 |  648.0 |
       Dungeon |   3240 |   3062 |    178 |    197 |   2303 |   5 |  648.0 |
               +--------+--------+--------+--------+--------+-----+--------+

Top non-repeatable levels by time:
     D:2: 899 daAuts
     D:1: 764 daAuts
     D:3: 713 daAuts
     D:4: 674 daAuts
     D:5: 188 daAuts
